 Dungeon Crawl Stone Soup version 0.17-a0-1515-gfae3d72 (webtiles) character file.

60 amnekian the Slasher (level 4, 0/29 HPs)
             Began as a Halfling Warper on July 12, 2015.
             Succumbed to an adder's poison
             ... on level 2 of the Dungeon.
             The game lasted 00:07:23 (1628 turns).

amnekian the Slasher (Halfling Warper)              Turns: 1628, Time: 00:07:24

Health: 0/29       AC:  3    Str: 12    XL:     4   Next: 24%
Magic:  6/6        EV: 19    Int: 17    God:
Gold:   45         SH:  0    Dex: 18    Spells: 2 memorised, 3 levels left

rFire  . . .     SeeInvis .     a - +0 falchion
rCold  . . .     Clarity  .     b - +0 leather armour
rNeg   . . .     SustAt   .     (shield restricted)
rPois  .         Gourm    .     (no helmet)
rElec  .         Spirit   .     (no cloak)
rCorr  .         Warding  .     (no gloves)
rMut   .         Stasis   .     (no boots)
MR     .....                    (no amulet)
Stlth  ++........               (no ring)
                                (no ring)

@: brilliant, agile, lethally poisoned (0 -> -5), not resistant to hostile
enchantments, unstealthy
A: mutation resistance 1
a: no special abilities


You were on level 2 of the Dungeon.
You were hungry.

You visited 1 branch of the dungeon, and saw 2 of its levels.

You collected 45 gold pieces.

Inventory:

Hand weapons
 a - a +0 falchion (weapon)
Missiles
 e - 5 tomahawks of dispersal
 j - 28 stones (quivered)
Armour
 b - a +0 leather armour (worn)
Jewellery
 n - a cursed ring of teleportation {unknown}
Scrolls
 d - a scroll of blinking
 i - a scroll of teleportation {unknown}
 k - a scroll of fog {unknown}
 m - a scroll of fear {unknown}
Books
 c - a book of Spatial Translocations

   Spells                             Type                      Level
   a - Apportation                    Translocation                1
   b - Blink                          Translocation                2
   c - Shroud of Golubria             Charms/Translocation         2
   d - Portal Projectile              Translocation                3
   e - Teleport Other                 Translocation                3
   f - Passage of Golubria            Translocation                4
Comestibles
 f - 2 bread rations
 g - a meat ration
 h - 2 chunks of flesh


   Skills:
 - Level 1.7 Fighting
 + Level 4.2 Long Blades
 - Level 1.3 Throwing
 - Level 1.1 Armour
 - Level 2.1 Dodging
 - Level 1.5 Spellcasting
 - Level 3.2 Translocations


You had 3 spell levels left.
You knew the following spells:

 Your Spells              Type           Power        Failure   Level  Hunger
a - Apportation           Tloc           ###.......   1%          1    ##.....
b - Blink                 Tloc           N/A          1%          2    ###....


Dungeon Overview and Level Annotations

Branches:
Dungeon (2/15)

Altars:


Innate Abilities, Weirdness & Mutations

You are small and have problems with some larger weapons.
You are somewhat resistant to further mutation.


Message History

You feel sick.
* * * LOW HITPOINT WARNING * * *
You feel sick.
Drink which item? (? for menu, Esc to quit)
It was a potion of brilliance.
You feel clever all of a sudden.
* * * LOW HITPOINT WARNING * * *
You feel sick.
Drink which item? (? for menu, Esc to quit)
It was a potion of agility.
You feel agile all of a sudden.
* * * LOW HITPOINT WARNING * * *
You feel sick.
* * * LOW HITPOINT WARNING * * *
You feel sick.
* * * LOW HITPOINT WARNING * * *
You feel sick.
* * * LOW HITPOINT WARNING * * *
You feel sick.
You die...

#.#
#.#########.##.#
###.## #.###
#.##.# .#...
#.#.## #<##.##
.##% #....#
#.##... .#.
###.## ##.#####
.. #.# #...####
. #. #.#
#.#.....
#...##.#####.#
#...####
....$...(@...#
##### #
#...##.####### #
# ... # .....
###..( ##S. #(.
#### #(. #...
#.##


There were no monsters in sight!

Vanquished Creatures
  An adder (D:2)
  An ooze (D:1)
  3 ball pythons (D:1)
  6 bats
  4 giant cockroaches (D:1)
  8 goblins
  5 hobgoblins (D:1)
  A quokka (D:1)
  8 giant newts (D:1)
  4 kobolds (D:1)
  9 rats
50 creatures vanquished.

Notes
Turn   | Place    | Note
--------------------------------------------------------------
     0 | D:1      | amnekian the Halfling Warper began the quest for the Orb.
     0 | D:1      | Reached XP level 1. HP: 14/14 MP: 3/3
   236 | D:1      | Reached XP level 2. HP: 19/19 MP: 4/4
   533 | D:1      | Reached XP level 3. HP: 20/24 MP: 5/5
   578 | D:1      | Learned a level 2 spell: Blink
  1483 | D:2      | Reached XP level 4. HP: 25/29 MP: 6/6
  1602 | D:2      | Reached skill level 4 in Long Blades
  1626 | D:2      | HP: 1/29 [poisoned by an adder]
  1628 | D:2      | Succumbed to an adder's poison

Vault maps used:
D:1:      dpeg_arrival_subterranean_lakeside_camping, hangedman_feature_mirror,
          hangedman_decor_growths, minivault_14, serial_bayou_pond_a,
          minmay_newt_pond
D:2:      grunt_temple_overflow_open, first_bread

Action                   |  1- 3 |  4- 6 || total
-------------------------+-------+-------++-------
Melee: Falchion          |   146 |     9 ||   155
Throw: Stone             |     2 |     8 ||    10
 Cast: Apportation       |     1 |       ||     1
  Use: Scroll            |     1 |       ||     1
       Potion            |       |     2 ||     2
  Eat: Chunk             |     2 |       ||     2
